 Dungeon Crawl Stone Soup version 0.25-a0-705-ge9988fc0fb (webtiles) character file.

Game seed: 6390456568762531809, levelgen mode: deterministic

11 Fanmir the Digger (level 2, 0/15 HPs)
             Began as a Gargoyle Earth Elementalist on Apr 4, 2020.
             Slain by a goblin
             ... wielding a +0 short sword
              (1 damage)
             ... on level 1 of the Dungeon.
             The game lasted 00:01:45 (319 turns).

Fanmir the Digger (Gargoyle Earth Elementalist)      Turns: 319, Time: 00:01:46

Health: 0/15       AC:  4    Str: 11    XL:     2   Next: 29%
Magic:  0/5        EV: 12    Int: 15    God:
Gold:   17         SH:  0    Dex: 10    Spells: 4/5 levels left

rFire    . . .     SeeInvis .   e - +0 whip
rCold    . . .     Gourm    .   (no shield)
rNeg     + . .     Faith    .   c - +0 robe
rPois    ∞         Spirit   .   (no helmet)
rElec    +         Reflect  .   (no cloak)
rCorr    .         Harm     .   (no gloves)
MR       .....                  (no boots)
Stlth    ++........             (no amulet)
HPRegen  0.05/turn              (no ring)
MPRegen  0.09/turn              (no ring)

@: brilliant, very slightly contaminated
A: negative energy resistance 1, electricity resistance, unbreathing,
petrification resistance, rot immunity, AC +2
a: no special abilities


You were on level 1 of the Dungeon.
You were not hungry.

You visited 1 branch of the dungeon, and saw 1 of its levels.

You collected 17 gold pieces.

Inventory:

Hand Weapons
 e - a +0 whip (weapon)
Missiles
 b - 40 stones (quivered)
Armour
 c - a +0 robe (worn)
Comestibles
 d - a ration
 f - 2 chunks of flesh


   Skills:
 - Level 1.5 Dodging
 - Level 2.1 Stealth
 + Level 2.4 Spellcasting
   Level 0.7 Transmutations
 + Level 4.1 Earth Magic


You had 4 spell levels left.
You knew the following spells:

 Your Spells              Type           Power        Failure   Level  Hunger
a - Sandblast             Erth           ###...       4%          1    None

Your spell library contained the following spells:

 Spells                   Type           Power        Failure   Level  Hunger
 Passwall                 Tmut/Erth      ##......     12%         2    None
 Stone Arrow              Conj/Erth      ##....       28%         3    None
 Petrify                  Tmut/Erth      ##......     61%         4    None
 Lee's Rapid Deconstruct  Erth           ###.......   73%         5    None


Dungeon Overview and Level Annotations

Branches:
Dungeon (1/15)

Altars:


Innate Abilities, Weirdness & Mutations

You are resistant to torment.
Your stone body is resilient. (AC +2)
You are immune to poison.
You resist negative energy. (rN+)
You are resistant to electric shocks. (rElec)
You can survive without breathing.
You are immune to petrification.
You are immune to rotting.


Message History

You feel clever all of a sudden. The goblin hits you but does no damage.
Casting: Sandblast (safe; 4% risk of failure)
Confirm with . or Enter, or press ? or * to list all spells.
Aiming: Sandblast (safe; 4% risk of failure)
Press: ? - help, Shift-Dir - straight line, f/p - goblin
Aim: a goblin, wielding a +0 short sword and wearing a +0 ring mail You feel a surge of power!
The blast of sand hits the goblin but does no damage.
b - 40 stones The leopard gecko hisses angrily.
The goblin hits you with a +0 short sword.
* * * LOW HITPOINT WARNING * * *
You aren't carrying any potions.
Unknown command.
Unknown command.
Unknown command.
You barely miss the goblin.
The goblin hits you with a +0 short sword.
You die...

#### ...## ...#...
......†## #.#### ##÷..#
.#...###..
#######....#.... ##.
#.g@l..........# ##
#.#####....#...# ##. #.#
.#...###.. #.# #..##...#
######.##########..#)####
#.........)†........###
#.........########....##
#...).....# ####..#
#.........# ##(##


You could see a leopard gecko and a goblin.

Vanquished Creatures
  A bat (D:1)
  2 giant cockroaches (D:1)
  2 goblins (D:1)
  A hobgoblin (D:1)
  A frilled lizard (D:1)
  2 kobolds (D:1)
  A rat (D:1)
10 creatures vanquished.

Notes
Turn   | Place    | Note
-------+----------+-------------------------------------------
     0 | D:1      | Fanmir the Gargoyle Earth Elementalist began the quest for
                  | the Orb.
     0 | D:1      | Reached XP level 1. HP: 10/10 MP: 3/3
   168 | D:1      | Reached XP level 2. HP: 10/15 MP: 5/5
   267 | D:1      | Reached skill level 4 in Earth Magic
   319 | D:1      | Slain by a goblin

Levels and vault maps discovered:
D:1:      dpeg_arrival_simpleton_a, layout_basic

Skill      XL: |  1  2 |
---------------+-------+-----
Earth Magic    | 4 |  4.1
Dodging        | |  1.5
Stealth        | |  2.1
Spellcasting   | |  2.4
Transmutations | |  0.7

Action                   || total
-------------------------++-------
Melee: Whip              ||    33
       Unarmed           ||    10
 Cast: Sandblast         ||    11
  Use: Potion            ||     1
Armor: Robe              ||    19
Dodge: Dodged            ||    46

Table legend:
 A = Non-vault XP
 B = Vault XP
 C = Vault XP percentage of total XP
 D = Non-vault monster count
 E = Vault monster count
 F = Vault count percentage of total count
                 A         B        C        D         E       F
            +---------+---------+-------+---------+---------+-------
      Total |      17 |       0 |   0.0 |      10 |       0 |   0.0
            +---------+---------+-------+---------+---------+-------
        D:1 |      17 |       0 |   0.0 |      10 |       0 |   0.0
            +---------+---------+-------+---------+---------+-------
